 Dungeon Crawl Stone Soup version 0.28-a0-730-g892d06dc2c (webtiles) character file.

Game seed: 8376809862327235629

266 flyleaff the Skirmisher (level 6, -3/49 HPs)
             Began as a Djinni Hedge Wizard on Oct 28, 2021.
             Slain by Grinder (4 damage)
             ... on level 3 of the Dungeon.
             The game lasted 00:09:07 (4027 turns).

flyleaff the Skirmisher (Djinni Hedge Wizard)       Turns: 4027, Time: 00:09:08

Health: -3/49      AC:  2    Str:  9    XL:     6   Next: 44%
Gold:   115        EV: 12    Int: 17    God:
                   SH:  0    Dex: 13

rFire   + + .      SeeInvis .   a - +0 dagger
rCold   x . .      Faith    .   (no shield)
rNeg    . . .      Spirit   .   b - +0 robe
rPois   ∞          Reflect  .   c - +0 hat
rElec   .          Harm     .   (no cloak)
rCorr   .          Rampage  .   (no gloves)
Will    .....                   (boots unavailable)
Stlth   ++........              (no amulet)
HPRegen 0.16/turn               (no ring)
MPRegen 0.00/turn               (no ring)

@: flying, hasted, very quick
A: sickness immunity, fire resistance 2, cold vulnerability 1, float, innate
caster, hp casting, extra vitality 1
a: no special abilities


You were on level 3 of the Dungeon.
You visited 1 branch of the dungeon, and saw 4 of its levels.

You collected 128 gold pieces.
You spent 13 gold pieces at shops.

Inventory:

Hand Weapons
 a - a +0 dagger (weapon)
Missiles
 i - 4 poisoned darts
Armour
 b - a +0 robe (worn)
 c - a +0 hat (worn)
Jewellery
 d - a +6 ring of dexterity
Scrolls
 f - a scroll of noise {unknown}
 g - a scroll of identify {unknown}
 j - a scroll of enchant armour {unknown}
 k - a scroll of teleportation {unknown}


   Skills:
 + Level 5.0 Fighting
 + Level 1.4 Armour
 + Level 2.7 Dodging
 - Level 1.5 Stealth
 + Level 2.8 Spellcasting


You couldn't memorise any spells.
You knew the following spells:

 Your Spells              Type           Power      Damage    Failure   Level
a - Magic Dart            Conj           44%        1d5       5%          1
b - Blink                 Tloc           22%        N/A       9%          2
c - Call Imp              Summ           11%        N/A       9%          2
d - Slow                  Hex            11%        N/A       9%          2
e - Conjure Flame         Conj/Fire      11%        6-21      17%         3
f - Mephitic Cloud        Conj/Pois/Air  11%        N/A       17%         3
g - Sting                 Tmut/Pois      44%        1d5       5%          1
h - Scorch                Fire           22%        2d6       9%          2
Your spell library was empty.

Dungeon Overview and Level Annotations

Branches:
Dungeon (4/15)
 Temple: D:4-7

Altars:

Shops:
D:2 !

Annotations:
D:3 Grinder


Innate Abilities, Weirdness & Mutations

You are immune to sickness and miasma.
You are immune to poison.
Your flesh is very heat resistant. (rF++)
You are vulnerable to cold. (rC-)
You float through the air rather than walking.
You learn spells naturally, not from books.
Your magical power is your life essence.
You have superior vitality. (+4 HP)


Message History

Grinder hits you but does no damage.
You hit Grinder.
Grinder is heavily wounded.
You barely miss Grinder.
Grinder is heavily wounded.
Grinder hits you but does no damage.
You barely miss Grinder.
Grinder is heavily wounded.
You closely miss Grinder.
Grinder is heavily wounded.
Grinder hits you but does no damage.
You hit Grinder.
Grinder is heavily wounded.
Grinder hits you but does no damage.
You hit Grinder but do no damage.
Grinder is heavily wounded.
You barely miss Grinder.
Grinder is heavily wounded.
Grinder hits you but does no damage.
You closely miss Grinder.
Grinder is heavily wounded.
Grinder hits you but does no damage.
You hit Grinder.
Grinder is heavily wounded.
You hit Grinder but do no damage.
Grinder is heavily wounded.
Grinder hits you but does no damage.
You hit Grinder but do no damage.
Grinder is heavily wounded.
You barely miss Grinder.
Grinder is heavily wounded.
Grinder hits you but does no damage.
You hit Grinder but do no damage.
Grinder is heavily wounded.
You feel less wooden.
Your +0 hat unmelds from your body.
Your +0 robe unmelds from your body.
Grinder hits you!
* * * LOW HITPOINT WARNING * * *
You writhe in agony.
You die...

.....# .....# ..... #:..
### #...
#########.###+#######...
#.......(........(......
#>...(...............h.h
######.@5...#.###†######
#.#..#.#.###.######
#.#.....5.....)...'
#.#..###.##########
..#..# #.# ..#..# #.#
...#... ..# ...#.## ###
#+#


You could see Grinder.

Vanquished Creatures
  A necrophage (D:3)
  An ogre (D:3)
  Terence (D:2)
  3 adders
  2 dart slugs (D:1)
  2 endoplasms (D:2)
  2 giant cockroaches (D:1)
  5 hobgoblins
  2 jackals (D:3)
  8 ball pythons
  3 bats (D:1)
  A frilled lizard (D:1)
  3 goblins
  4 kobolds
  2 rats
40 creatures vanquished.

Notes
Turn   | Place    | Note
-------+----------+-------------------------------------------
     0 | D:1      | flyleaff the Djinni Hedge Wizard began the quest for the
                  | Orb.
     0 | D:1      | Reached XP level 1. HP: 15/15 MP: 0/0
   229 | D:1      | Reached skill level 1 in Fighting
   229 | D:1      | Reached XP level 2. HP: 19/22 MP: 0/0
   932 | D:1      | Found a faded altar of an unknown god.
  1192 | D:1      | Reached skill level 2 in Fighting
  1308 | D:1      | Reached XP level 3. HP: 23/28 MP: 0/0
  1308 | D:1      | Learned a level 1 spell: Sting
  2089 | D:2      | Found Moraukka's Distillery.
  2094 | D:2      | Bought a potion of degeneration for 13 gold pieces
  2262 | D:2      | Noticed Terence
  2292 | D:2      | Killed Terence
  2293 | D:2      | Reached skill level 3 in Fighting
  2293 | D:2      | Reached XP level 4. HP: 7/35 MP: 0/0
  3120 | D:3      | Noticed a necrophage
  3130 | D:3      | Killed a necrophage
  3131 | D:3      | Reached skill level 4 in Fighting
  3131 | D:3      | Reached XP level 5. HP: 2/42 MP: 0/0
  3131 | D:3      | Learned a level 2 spell: Scorch
  3585 | D:3      | Noticed an ogre
  3595 | D:3      | Killed an ogre
  3596 | D:3      | Reached skill level 5 in Fighting
  3596 | D:3      | Reached skill level 1 in Armour
  3596 | D:3      | Reached XP level 6. HP: 39/49 MP: 0/0
  3702 | D:3      | Noticed Grinder
  3972 | D:3      | Paralysed by Grinder for 5 turns
  4027 | D:3      | HP: 1/49 [Grinder (9)]
  4027 | D:3      | Slain by Grinder

Illustrated notes

Levels and vault maps discovered:
D:1:      matt_arrival_los_fun, layout_loops_corners,
          shapermc_ecumenical_altar_mp_highgroup, chequers_big_river
D:2:      layout_basic, serial_shops, shop, uniq_terence
D:3:      layout_basic, uniq_grinder
D:4:      layout_basic, ebering_ghost_reflecting_pool

Skill      XL: |  1  2  3  4  5 |
---------------+----------------+-----
Fighting       | 1 2 3 4 5 |  5.0
Armour         | 1 |  1.4
Dodging        | |  2.7
Stealth        | |  1.5
Spellcasting   | |  2.8

Action                   |  1- 3 |  4- 6 || total
-------------------------+-------+-------++-------
Melee: Dagger            |     3 |    35 ||    38
Throw: Dart              |     4 |     3 ||     7
 Cast: Magic Dart        |    87 |    41 ||   128
       Mephitic Cloud    |     1 |     4 ||     5
       Sting             |       |     4 ||     4
       Call Imp          |       |     4 ||     4
       Conjure Flame     |       |     1 ||     1
       Blink             |       |     1 ||     1
  Use: Potion            |       |     3 ||     3
Armor: Skin              |       |    14 ||    14
       Robe              |       |     1 ||     1
Dodge: Dodged            |    16 |    25 ||    41

Table legend: (Time is in decaauts)
 A = Elapsed time spent in this place.
 B = Non-inter-level travel time spent in this place.
 C = Inter-level travel time spent in this place.
 D = Time resting spent in this place.
 E = Time spent auto-exploring this place.
 F = Levels seen in this place.
 G = Mean time per level.
                   A        B        C        D        E       F      G
               +--------+--------+--------+--------+--------+-----+--------+
         Total |   4010 |   3859 |    151 |    247 |   3253 |   4 | 1002.5 |
       Dungeon |   4010 |   3859 |    151 |    247 |   3253 |   4 | 1002.5 |
               +--------+--------+--------+--------+--------+-----+--------+

Top non-repeatable levels by time:
     D:1: 1572 daAuts
     D:2: 1479 daAuts
     D:3: 735 daAuts
     D:4: 222 daAuts
